[ AOE2 MATCH · #484475451 ]
Team RMBurmese vs Huns
[ REPLAY ANALYSIS · EXTRACTED FROM THE RECORDED GAME ]
Feudal
13:41
Castle
18:26
Imperial
35:23
| APM avg | 16.5 |
| APM peak | 34 |
| eAPM avg | 11.4 |
| Villagers / military | 113 / 115 |
Focus
⚔️ 29.2% · 🌾 70.8%
Militia ×66 · Spearman ×43 · Battering Ram ×4 · Trebuchet (Packed) ×2
Feudal
11:28
Castle
22:39
Imperial
42:21
| APM avg | 12.8 |
| APM peak | 35 |
| eAPM avg | 11.0 |
| Villagers / military | 110 / 84 |
Focus
⚔️ 31.9% · 🌾 68.1%
Skirmisher ×33 · Teutonic Knight ×15 · Militia ×13 · Archer ×10 · Scorpion ×10 · Trade Cart ×3
Feudal
13:52
Castle
21:13
Imperial
—
| APM avg | 11.4 |
| APM peak | 25 |
| eAPM avg | 8.8 |
| Villagers / military | 100 / 96 |
Focus
⚔️ 21.8% · 🌾 78.2%
Ballista Elephant ×83 · Archer ×10 · Monk ×3
Feudal
11:42
Castle
15:37
Imperial
—
| APM avg | 21.6 |
| APM peak | 48 |
| eAPM avg | 11.4 |
| Villagers / military | 102 / 84 |
Focus
⚔️ 23.5% · 🌾 76.5%
Cavalry Archer ×55 · Tarkan ×16 · Scorpion ×13
Feudal
11:12
Castle
16:08
Imperial
36:22
| APM avg | 29.5 |
| APM peak | 80 |
| eAPM avg | 13.3 |
| Villagers / military | 111 / 135 |
Focus
⚔️ 21.8% · 🌾 78.2%
Hand Cannoneer ×105 · Camel Scout ×14 · Bombard Cannon ×7 · Monk ×4 · Spearman ×3 · Scout Cavalry ×2
Feudal
15:57
Castle
25:42
Imperial
37:00
| APM avg | 13.9 |
| APM peak | 42 |
| eAPM avg | 11.8 |
| Villagers / military | 101 / 92 |
Focus
⚔️ 30.4% · 🌾 69.6%
Militia ×49 · Archer ×23 · Mameluke ×16 · Spearman ×3 · Monk ×1
Match map
Initial resources + every placement click. Lines = walls · curves = elevation contours. ◆ gold · ⬟ stone · ● berries · ✦ relic · ◌ wall gap
Your base· ✓ Closed at 18:26 · 0t walls · 2 gate(s)
juan991.fz's base· ✓ Closed at 22:39 · 0t walls · 2 gate(s)
camilo06d's base· ✓ Closed at 21:13 · 0t walls · 3 gate(s)
avilareall's base· ✓ Closed at 15:37 · 0t walls · 3 gate(s)
jul1o28's base· ✓ Closed at 16:08 · 0t walls · 2 gate(s)
EXCELSIOR!'s base· ✓ Closed at 25:42 · 0t walls · 2 gate(s)
Smoothed initial terrain · ◌ = detected wall gap · hover for details
Inputs per minute
— Handrex - - juan991.fz
Build order — Handrex
First 150 of 321 actions detected
| 0:02 | Research | Loom |
| 0:03 | Create | Villager (Male) ×4 |
| 0:03 | Create | Villager (Male) ×4 |
| 0:13 | Build | House |
| 0:50 | Build | House |
| 0:51 | Build | House |
| 0:52 | Build | House |
| 1:14 | Build | House |
| 1:53 | Create | Villager (Male) |
| 1:53 | Create | Villager (Male) |
| 2:40 | Create | Villager (Male) |
| 2:40 | Create | Villager (Male) |
| 2:41 | Create | Villager (Male) |
| 2:55 | Create | Villager (Male) |
| 3:08 | Create | Villager (Male) |
| 3:27 | Create | Villager (Male) |
| 4:17 | Create | Villager (Male) |
| 4:17 | Create | Villager (Male) |
| 4:52 | Create | Villager (Male) |
| 5:07 | Create | Villager (Male) |
| 5:08 | Create | Villager (Male) |
| 6:06 | Create | Villager (Male) |
| 6:06 | Create | Villager (Male) |
| 6:06 | Create | Villager (Male) |
| 6:07 | Create | Villager (Male) |
| 6:36 | Create | Villager (Male) |
| 6:37 | Create | Villager (Male) |
| 6:37 | Create | Villager (Male) |
| 6:49 | Create | Villager (Male) |
| 6:49 | Create | Villager (Male) |
| 7:47 | Create | Villager (Male) |
| 7:48 | Create | Villager (Male) |
| 7:48 | Create | Villager (Male) |
| 8:22 | Build | Lumber Camp |
| 8:42 | Build | Mill |
| 9:19 | Create | Villager (Male) |
| 9:21 | Create | Villager (Male) |
| 9:58 | Build | Mining Camp |
| 10:45 | Research | Feudal Age |
| 11:49 | Build | House |
| 11:53 | Create | Villager (Male) |
| 11:53 | Create | Villager (Male) |
| 11:53 | Create | Villager (Male) |
| 11:53 | Create | Villager (Male) |
| 11:54 | Create | Villager (Male) |
| 12:09 | Build | Farm |
| 12:10 | Build | Farm |
| 12:10 | Build | Farm |
| 12:10 | Build | Farm |
| 12:10 | Build | Farm |
| 12:11 | Build | Farm |
| 12:11 | Build | Farm |
| 12:11 | Build | Farm |
| 12:22 | Build | House |
| 13:41 | Age | Feudal Age |
| 13:48 | Build | Blacksmith |
| 13:53 | Build | Market |
| 14:04 | Build | Farm |
| 14:05 | Build | Farm |
| 14:05 | Build | Farm |
| 14:05 | Build | Farm |
| 14:06 | Build | Farm |
| 14:08 | Build | Farm |
| 14:29 | Build | Farm |
| 14:30 | Build | Farm |
| 14:30 | Build | Farm |
| 15:40 | Create | Villager (Male) |
| 15:44 | Research | Castle Age |
| 15:59 | Build | Barracks |
| 16:10 | Research | Horse Collar |
| 16:39 | Research | Wheelbarrow |
| 17:16 | Research | Gold Mining |
| 17:23 | Create | Villager (Male) |
| 17:23 | Create | Villager (Male) |
| 17:30 | Research | Forging |
| 17:49 | Build | House |
| 17:51 | Build | House |
| 18:26 | Research | Scale Mail Armor |
| 18:26 | Age | Castle Age |
| 18:32 | Research | Heavy Plow |
| 18:43 | Build | Town Center |
| 19:06 | Build | Siege Workshop |
| 19:12 | Create | Villager (Male) |
| 19:12 | Create | Villager (Male) |
| 19:20 | Build | Farm |
| 19:32 | Create | Villager (Male) |
| 19:32 | Create | Villager (Male) |
| 19:33 | Create | Villager (Male) |
| 19:33 | Create | Villager (Male) |
| 19:49 | Build | Mining Camp |
| 20:03 | Create | Militia |
| 20:03 | Create | Militia |
| 20:03 | Create | Militia |
| 20:03 | Create | Militia |
| 20:04 | Create | Militia |
| 20:08 | Create | Battering Ram |
| 20:13 | Create | Villager (Male) |
| 20:14 | Create | Villager (Male) |
| 20:29 | Build | Farm |
| 20:29 | Build | Farm |
| 20:29 | Build | Farm |
| 20:29 | Build | Farm |
| 20:30 | Build | Farm |
| 20:30 | Build | Farm |
| 20:44 | Research | Man-at-Arms (upgrade) |
| 20:54 | Create | Battering Ram |
| 21:34 | Create | Spearman |
| 21:34 | Create | Spearman |
| 21:35 | Create | Spearman |
| 21:35 | Create | Spearman |
| 22:02 | Build | Barracks |
| 22:08 | Create | Battering Ram |
| 22:55 | Research | Pikeman (upgrade) |
| 22:59 | Create | Spearman |
| 22:59 | Create | Spearman |
| 22:59 | Create | Spearman |
| 23:04 | Research | Hand Cart |
| 23:06 | Create | Villager (Male) |
| 23:06 | Create | Villager (Male) |
| 23:07 | Create | Villager (Male) |
| 23:07 | Create | Villager (Male) |
| 23:08 | Create | Villager (Male) |
| 23:08 | Create | Villager (Male) |
| 23:09 | Create | Villager (Male) |
| 23:09 | Create | Villager (Male) |
| 23:14 | Build | Farm |
| 23:14 | Build | Farm |
| 23:14 | Build | Farm |
| 23:14 | Build | Farm |
| 23:15 | Build | Farm |
| 23:15 | Build | Farm |
| 23:47 | Create | Battering Ram |
| 23:59 | Build | Farm |
| 24:43 | Build | House |
| 24:46 | Build | House |
| 24:47 | Build | House |
| 24:48 | Build | House |
| 24:49 | Build | House |
| 24:50 | Build | House |
| 24:59 | Build | Town Center |
| 25:03 | Research | Town Watch |
| 25:10 | Create | Villager (Male) |
| 25:11 | Create | Villager (Male) |
| 25:11 | Create | Villager (Male) |
| 25:28 | Build | Barracks |
| 25:38 | Research | Squires |
| 25:40 | Research | Gambesons |
| 25:48 | Create | Spearman |
| 25:49 | Create | Spearman |
| 25:49 | Create | Spearman |
Build order — juan991.fz
First 150 of 360 actions detected
| 0:17 | Create | Villager (Male) |
| 0:18 | Create | Villager (Male) |
| 0:18 | Create | Villager (Male) |
| 0:18 | Create | Villager (Male) |
| 0:21 | Build | House |
| 1:53 | Create | Villager (Male) |
| 2:48 | Create | Villager (Male) |
| 2:48 | Create | Villager (Male) |
| 3:17 | Build | House |
| 3:48 | Create | Villager (Male) |
| 3:48 | Create | Villager (Male) |
| 3:49 | Create | Villager (Male) |
| 4:11 | Create | Villager (Male) |
| 4:12 | Create | Villager (Male) |
| 4:33 | Create | Villager (Male) |
| 4:33 | Create | Villager (Male) |
| 4:33 | Create | Villager (Male) |
| 5:10 | Build | Mill |
| 5:14 | Create | Villager (Male) |
| 5:14 | Create | Villager (Male) |
| 5:14 | Create | Villager (Male) |
| 5:49 | Create | Villager (Male) |
| 5:55 | Build | House |
| 6:37 | Create | Villager (Male) |
| 6:41 | Build | House |
| 7:19 | Build | Lumber Camp |
| 8:05 | Create | Villager (Male) |
| 9:08 | Research | Feudal Age |
| 9:08 | Research | Feudal Age |
| 9:36 | Build | Mill |
| 9:57 | Create | Villager (Male) |
| 9:57 | Create | Villager (Male) |
| 9:57 | Create | Villager (Male) |
| 10:24 | Build | House |
| 11:28 | Age | Feudal Age |
| 11:31 | Create | Villager (Male) |
| 11:55 | Research | Double-Bit Axe |
| 12:00 | Build | Mining Camp |
| 12:23 | Build | Farm |
| 12:25 | Build | Farm |
| 12:28 | Build | Farm |
| 12:29 | Build | Farm |
| 12:30 | Build | Farm |
| 12:37 | Build | Farm |
| 12:41 | Build | Farm |
| 12:46 | Build | Farm |
| 12:47 | Build | Farm |
| 12:54 | Create | Villager (Male) |
| 12:56 | Create | Villager (Male) |
| 12:58 | Create | Villager (Male) |
| 13:13 | Build | Farm |
| 13:38 | Build | House |
| 14:06 | Create | Villager (Male) |
| 14:07 | Create | Villager (Male) |
| 14:07 | Create | Villager (Male) |
| 14:07 | Create | Villager (Male) |
| 14:08 | Create | Villager (Male) |
| 14:32 | Build | Barracks |
| 14:38 | Create | Villager (Male) |
| 15:08 | Build | Blacksmith |
| 15:19 | Create | Villager (Male) |
| 15:22 | Research | Wheelbarrow |
| 15:28 | Create | Militia |
| 15:28 | Create | Militia |
| 15:30 | Research | Man-at-Arms (upgrade) |
| 15:37 | Research | Horse Collar |
| 16:12 | Build | House |
| 16:25 | Build | Market |
| 16:43 | Build | House |
| 16:48 | Build | Archery Range |
| 17:12 | Create | Villager (Male) |
| 17:32 | Build | Mill |
| 17:34 | Build | Farm |
| 17:36 | Build | Farm |
| 17:37 | Build | Farm |
| 17:39 | Build | Farm |
| 17:40 | Build | Farm |
| 17:41 | Build | Farm |
| 17:43 | Build | Farm |
| 17:57 | Build | Farm |
| 17:59 | Build | Farm |
| 18:04 | Create | Archer |
| 18:04 | Create | Archer |
| 18:16 | Create | Militia |
| 18:16 | Create | Militia |
| 18:19 | Research | Arson |
| 18:22 | Create | Archer |
| 18:22 | Create | Archer |
| 18:57 | Build | Farm |
| 18:59 | Build | Farm |
| 19:02 | Build | Farm |
| 19:04 | Build | Farm |
| 19:05 | Build | Farm |
| 19:20 | Create | Trade Cart |
| 19:53 | Build | House |
| 19:56 | Create | Villager (Male) |
| 19:59 | Research | Castle Age |
| 20:06 | Research | Loom |
| 20:11 | Research | Gold Mining |
| 20:34 | Create | Militia |
| 20:40 | Research | Forging |
| 21:14 | Research | Scale Mail Armor |
| 21:39 | Create | Archer |
| 21:39 | Create | Archer |
| 21:40 | Create | Militia |
| 21:40 | Create | Militia |
| 21:52 | Build | House |
| 21:54 | Build | House |
| 21:56 | Build | House |
| 21:59 | Build | House |
| 22:00 | Build | House |
| 22:08 | Create | Villager (Male) |
| 22:08 | Create | Villager (Male) |
| 22:09 | Create | Villager (Male) |
| 22:39 | Age | Castle Age |
| 22:47 | Build | Town Center |
| 22:53 | Research | Hand Cart |
| 22:56 | Research | Heavy Plow |
| 23:12 | Research | Long Swordsman (upgrade) |
| 23:15 | Research | Crossbowman (upgrade) |
| 23:31 | Research | Town Watch |
| 23:37 | Create | Villager (Male) |
| 23:37 | Create | Villager (Male) |
| 23:37 | Create | Villager (Male) |
| 24:15 | Research | Gambesons |
| 24:22 | Create | Villager (Male) |
| 24:23 | Create | Villager (Male) |
| 24:23 | Create | Villager (Male) |
| 24:25 | Create | Villager (Male) |
| 24:26 | Create | Villager (Male) |
| 24:26 | Create | Villager (Male) |
| 24:41 | Research | Fletching |
| 24:48 | Research | Bow Saw |
| 25:08 | Research | Stone Mining |
| 25:12 | Create | Villager (Male) |
| 25:45 | Research | Squires |
| 25:55 | Research | Padded Archer Armor |
| 26:20 | Research | Iron Casting |
| 26:29 | Create | Militia |
| 26:29 | Create | Militia |
| 26:30 | Create | Archer |
| 26:30 | Create | Archer |
| 26:39 | Create | Villager (Male) |
| 26:39 | Create | Villager (Male) |
| 26:39 | Create | Villager (Male) |
| 26:41 | Create | Villager (Male) |
| 26:49 | Build | Mill |
| 26:51 | Build | Farm |
| 26:52 | Build | Farm |
| 26:54 | Build | Farm |
Build order — camilo06d
First 150 of 236 actions detected
| 0:05 | Create | Villager (Male) ×4 |
| 0:05 | Create | Villager (Male) ×4 |
| 0:05 | Create | Villager (Male) ×4 |
| 0:20 | Build | House |
| 0:22 | Build | House |
| 0:23 | Build | House |
| 0:24 | Build | House |
| 0:25 | Build | House |
| 1:11 | Research | Loom |
| 1:48 | Create | Villager (Male) |
| 1:48 | Create | Villager (Male) |
| 1:48 | Create | Villager (Male) |
| 2:21 | Create | Villager (Male) |
| 2:21 | Create | Villager (Male) |
| 2:21 | Create | Villager (Male) |
| 2:51 | Create | Villager (Male) |
| 2:52 | Create | Villager (Male) |
| 3:26 | Create | Villager (Male) |
| 3:27 | Create | Villager (Male) |
| 3:27 | Create | Villager (Male) |
| 3:27 | Create | Villager (Male) |
| 4:13 | Create | Villager (Male) |
| 4:14 | Create | Villager (Male) |
| 4:14 | Create | Villager (Male) |
| 4:43 | Create | Villager (Male) |
| 4:43 | Create | Villager (Male) |
| 4:43 | Create | Villager (Male) |
| 4:55 | Build | Lumber Camp |
| 5:34 | Create | Villager (Male) |
| 5:34 | Create | Villager (Male) |
| 5:35 | Create | Villager (Male) |
| 6:41 | Create | Villager (Male) |
| 6:41 | Create | Villager (Male) |
| 6:41 | Create | Villager (Male) |
| 7:06 | Create | Villager (Male) |
| 7:06 | Create | Villager (Male) |
| 7:07 | Create | Villager (Male) |
| 7:07 | Create | Villager (Male) |
| 7:07 | Create | Villager (Male) |
| 7:08 | Create | Villager (Male) |
| 7:40 | Build | Mill |
| 8:02 | Build | Mining Camp |
| 8:09 | Create | Villager (Male) |
| 9:37 | Create | Villager (Male) |
| 9:38 | Create | Villager (Male) |
| 9:39 | Create | Villager (Male) |
| 10:58 | Create | Villager (Male) |
| 11:42 | Research | Feudal Age |
| 12:08 | Build | House |
| 12:10 | Build | House |
| 12:12 | Build | House |
| 13:52 | Age | Feudal Age |
| 14:00 | Research | Horse Collar |
| 14:04 | Research | Double-Bit Axe |
| 14:17 | Build | Barracks |
| 14:24 | Create | Villager (Male) |
| 14:40 | Research | Gold Mining |
| 14:48 | Build | Farm |
| 14:50 | Build | Farm |
| 14:52 | Build | Farm |
| 14:54 | Build | Farm |
| 14:55 | Build | Farm |
| 14:57 | Build | Farm |
| 14:59 | Build | Farm |
| 15:00 | Build | Farm |
| 15:02 | Build | Farm |
| 15:03 | Build | Farm |
| 15:03 | Build | Farm |
| 15:05 | Build | Farm |
| 15:40 | Create | Villager (Male) |
| 15:43 | Create | Villager (Male) |
| 15:56 | Build | Archery Range |
| 16:13 | Build | Blacksmith |
| 16:19 | Build | Market |
| 16:38 | Build | Farm |
| 17:06 | Build | House |
| 18:03 | Build | Mining Camp |
| 18:33 | Research | Castle Age |
| 18:41 | Research | Stone Mining |
| 21:13 | Age | Castle Age |
| 21:19 | Build | Town Center |
| 21:28 | Create | Villager (Male) |
| 21:29 | Create | Villager (Male) |
| 21:31 | Create | Villager (Male) |
| 21:40 | Research | Bow Saw |
| 21:45 | Build | Lumber Camp |
| 21:57 | Build | Castle |
| 22:06 | Build | Farm |
| 22:33 | Create | Villager (Male) |
| 22:34 | Create | Villager (Male) |
| 22:51 | Build | Monastery |
| 23:12 | Research | Heavy Plow |
| 23:20 | Create | Villager (Male) |
| 23:22 | Create | Villager (Male) |
| 23:22 | Create | Villager (Male) |
| 23:23 | Create | Villager (Male) |
| 23:31 | Research | Gold Shaft Mining |
| 23:32 | Research | Stone Shaft Mining |
| 23:40 | Research | Wheelbarrow |
| 24:43 | Build | Archery Range |
| 24:52 | Research | Crossbowman (upgrade) |
| 25:09 | Research | Forging |
| 25:21 | Build | House |
| 25:23 | Build | House |
| 25:41 | Create | Archer ×5 |
| 25:42 | Create | Archer ×5 |
| 27:03 | Build | Castle |
| 27:27 | Create | Ballista Elephant ×5 |
| 27:27 | Create | Ballista Elephant ×5 |
| 28:27 | Build | Farm |
| 28:29 | Build | Farm |
| 28:30 | Build | Farm |
| 28:32 | Build | Farm |
| 28:34 | Build | Farm |
| 28:35 | Build | Farm |
| 28:36 | Build | Farm |
| 28:37 | Build | Farm |
| 28:39 | Build | Farm |
| 28:40 | Build | Farm |
| 28:42 | Build | Farm |
| 28:43 | Build | Farm |
| 28:44 | Build | Farm |
| 28:45 | Build | Farm |
| 28:47 | Build | Farm |
| 28:49 | Build | Farm |
| 29:49 | Create | Ballista Elephant |
| 29:50 | Create | Ballista Elephant |
| 29:50 | Create | Ballista Elephant |
| 30:12 | Build | Mining Camp |
| 30:19 | Create | Ballista Elephant |
| 30:20 | Create | Ballista Elephant |
| 30:20 | Create | Ballista Elephant |
| 30:20 | Create | Ballista Elephant |
| 31:08 | Create | Villager (Male) |
| 31:08 | Create | Villager (Male) |
| 31:24 | Create | Ballista Elephant |
| 31:24 | Create | Ballista Elephant |
| 31:25 | Create | Ballista Elephant |
| 31:26 | Create | Ballista Elephant |
| 31:44 | Build | Gate |
| 32:07 | Create | Ballista Elephant |
| 32:07 | Create | Ballista Elephant |
| 32:07 | Create | Ballista Elephant |
| 32:14 | Create | Villager (Male) |
| 32:15 | Create | Villager (Male) |
| 32:28 | Build | Monastery |
| 32:34 | Build | University |
| 32:54 | Create | Ballista Elephant |
| 32:55 | Create | Ballista Elephant |
| 32:55 | Create | Ballista Elephant |
Build order — avilareall
First 150 of 266 actions detected
| 0:20 | Create | Villager (Male) |
| 0:20 | Create | Villager (Male) |
| 0:20 | Create | Villager (Male) |
| 0:21 | Create | Villager (Male) |
| 0:21 | Create | Villager (Male) |
| 0:21 | Create | Villager (Male) |
| 1:19 | Create | Villager (Male) |
| 1:20 | Create | Villager (Male) |
| 2:18 | Create | Villager (Male) |
| 2:18 | Create | Villager (Male) |
| 2:52 | Create | Villager (Male) |
| 2:52 | Create | Villager (Male) |
| 3:04 | Create | Villager (Male) |
| 3:22 | Build | Mill |
| 3:39 | Create | Villager (Male) |
| 3:39 | Create | Villager (Male) |
| 4:00 | Create | Villager (Male) |
| 4:00 | Create | Villager (Male) |
| 4:25 | Create | Villager (Male) |
| 4:25 | Create | Villager (Male) |
| 4:39 | Create | Villager (Male) |
| 4:39 | Create | Villager (Male) |
| 4:58 | Build | Lumber Camp |
| 5:11 | Create | Villager (Male) |
| 5:48 | Create | Villager (Male) |
| 5:58 | Create | Villager (Male) |
| 7:02 | Create | Villager (Male) |
| 7:02 | Create | Villager (Male) |
| 7:02 | Create | Villager (Male) |
| 7:03 | Create | Villager (Male) |
| 7:24 | Create | Villager (Male) |
| 8:08 | Create | Villager (Male) |
| 8:17 | Build | Mining Camp |
| 8:23 | Create | Villager (Male) |
| 8:47 | Create | Villager (Male) |
| 9:03 | Build | Mining Camp |
| 9:12 | Research | Feudal Age |
| 10:21 | Create | Villager (Male) |
| 10:22 | Create | Villager (Male) |
| 11:42 | Age | Feudal Age |
| 11:49 | Build | Market |
| 11:53 | Build | Blacksmith |
| 12:05 | Build | Farm |
| 12:09 | Build | Farm |
| 12:10 | Create | Villager (Male) |
| 12:56 | Research | Castle Age |
| 13:46 | Build | Farm |
| 13:49 | Build | Farm |
| 13:52 | Build | Farm |
| 13:55 | Build | Farm |
| 13:57 | Build | Farm |
| 13:59 | Build | Farm |
| 14:18 | Build | Farm |
| 14:53 | Research | Double-Bit Axe |
| 15:04 | Research | Horse Collar |
| 15:23 | Create | Villager (Male) |
| 15:37 | Age | Castle Age |
| 15:41 | Build | Castle |
| 15:54 | Create | Villager (Male) |
| 15:56 | Research | Wheelbarrow |
| 16:33 | Create | Villager (Male) |
| 17:16 | Build | Farm |
| 17:18 | Build | Farm |
| 17:30 | Create | Tarkan |
| 17:30 | Create | Tarkan |
| 18:15 | Create | Villager (Male) |
| 18:17 | Create | Tarkan |
| 18:17 | Create | Tarkan |
| 18:17 | Create | Tarkan |
| 18:37 | Research | Scale Barding Armor |
| 18:43 | Build | Town Center |
| 18:45 | Create | Villager (Male) |
| 18:55 | Create | Tarkan |
| 18:55 | Create | Tarkan |
| 19:06 | Build | Farm |
| 19:09 | Build | Farm |
| 19:20 | Create | Villager (Male) |
| 19:22 | Create | Tarkan |
| 19:57 | Create | Tarkan |
| 19:57 | Create | Tarkan |
| 19:57 | Create | Tarkan |
| 19:58 | Create | Tarkan |
| 20:08 | Build | Farm |
| 20:16 | Create | Tarkan |
| 20:20 | Build | Farm |
| 20:35 | Create | Villager (Male) |
| 20:36 | Create | Villager (Male) |
| 20:46 | Build | Farm |
| 20:46 | Build | Farm |
| 20:46 | Build | Farm |
| 20:47 | Build | Farm |
| 20:47 | Build | Farm |
| 20:47 | Build | Farm |
| 21:47 | Create | Villager (Male) |
| 21:50 | Research | Hand Cart |
| 21:56 | Create | Tarkan |
| 21:56 | Create | Tarkan |
| 21:57 | Create | Tarkan |
| 22:44 | Build | Farm |
| 22:55 | Create | Villager (Male) |
| 22:57 | Create | Villager (Male) |
| 23:00 | Create | Villager (Male) |
| 23:01 | Create | Villager (Male) |
| 23:02 | Create | Villager (Male) |
| 23:08 | Build | Town Center |
| 23:14 | Research | Forging |
| 23:33 | Build | Farm |
| 23:35 | Create | Villager (Male) |
| 23:35 | Create | Villager (Male) |
| 23:35 | Create | Villager (Male) |
| 23:36 | Create | Villager (Male) |
| 23:36 | Create | Villager (Male) |
| 23:36 | Create | Villager (Male) |
| 23:36 | Create | Villager (Male) |
| 23:37 | Create | Villager (Male) |
| 23:58 | Build | Barracks |
| 24:05 | Create | Villager (Male) |
| 24:38 | Create | Villager (Male) |
| 24:39 | Create | Villager (Male) |
| 24:44 | Build | University |
| 24:46 | Create | Villager (Male) |
| 24:46 | Create | Villager (Male) |
| 24:47 | Create | Villager (Male) |
| 24:48 | Create | Villager (Male) |
| 24:48 | Create | Villager (Male) |
| 25:21 | Build | Stable |
| 26:09 | Create | Villager (Male) |
| 26:20 | Research | Husbandry |
| 26:22 | Research | Bloodlines |
| 26:55 | Create | Villager (Male) |
| 27:02 | Build | Archery Range |
| 27:03 | Build | Archery Range |
| 27:13 | Create | Villager (Male) |
| 28:37 | Research | Iron Casting |
| 28:39 | Research | Chain Barding Armor |
| 28:41 | Research | Fletching |
| 29:19 | Research | Ballistics |
| 30:10 | Build | Town Center |
| 31:10 | Build | Farm |
| 31:10 | Build | Farm |
| 31:11 | Build | Farm |
| 31:11 | Build | Farm |
| 31:11 | Build | Farm |
| 31:11 | Build | Farm |
| 31:12 | Build | Farm |
| 31:12 | Build | Farm |
| 31:12 | Build | Farm |
| 31:12 | Build | Farm |
| 31:12 | Build | Farm |
| 31:13 | Build | Farm |
Build order — jul1o28
First 150 of 277 actions detected
| 0:08 | Build | House |
| 0:13 | Create | Villager (Male) ×4 |
| 0:13 | Create | Villager (Male) ×4 |
| 0:25 | Build | House |
| 0:26 | Build | House |
| 0:27 | Build | House |
| 1:36 | Create | Villager (Male) |
| 2:24 | Build | Lumber Camp |
| 2:26 | Create | Villager (Male) |
| 2:42 | Create | Villager (Male) |
| 3:06 | Create | Villager (Male) |
| 3:26 | Create | Villager (Male) |
| 3:26 | Create | Villager (Male) |
| 4:11 | Create | Villager (Male) |
| 4:55 | Create | Villager (Male) ×3 |
| 5:42 | Create | Villager (Male) ×2 |
| 6:12 | Build | Mill |
| 6:42 | Create | Villager (Male) ×4 |
| 7:53 | Build | Mining Camp |
| 9:02 | Research | Feudal Age |
| 9:22 | Build | House |
| 9:24 | Build | House |
| 11:05 | Build | House |
| 11:12 | Age | Feudal Age |
| 11:18 | Build | Market |
| 11:22 | Build | Blacksmith |
| 11:28 | Create | Villager (Male) |
| 11:57 | Build | Farm |
| 11:59 | Create | Villager (Male) |
| 12:29 | Build | Farm |
| 12:33 | Create | Villager (Male) |
| 13:01 | Create | Villager (Male) |
| 13:17 | Build | Farm |
| 13:22 | Build | Farm |
| 13:28 | Research | Castle Age |
| 13:43 | Build | Farm |
| 14:02 | Build | Barracks |
| 14:50 | Research | Double-Bit Axe |
| 14:54 | Build | Farm |
| 14:55 | Build | Farm |
| 15:10 | Build | Farm |
| 15:23 | Build | Farm |
| 15:32 | Build | Farm |
| 15:50 | Create | Spearman |
| 16:01 | Research | Horse Collar |
| 16:08 | Age | Castle Age |
| 16:12 | Create | Villager (Male) |
| 16:27 | Build | Stable |
| 16:30 | Create | Villager (Male) |
| 16:42 | Build | Farm |
| 17:16 | Create | Villager (Male) |
| 17:56 | Build | Town Center |
| 17:58 | Create | Villager (Male) |
| 17:58 | Create | Villager (Male) |
| 18:01 | Build | Farm |
| 18:03 | Create | Scout Cavalry |
| 18:03 | Create | Scout Cavalry |
| 18:29 | Create | Villager (Male) |
| 18:35 | Research | Bow Saw |
| 18:37 | Research | Heavy Plow |
| 18:55 | Build | House |
| 18:57 | Build | House |
| 18:58 | Build | House |
| 19:23 | Create | Villager (Male) |
| 19:38 | Create | Villager (Male) |
| 19:38 | Create | Villager (Male) |
| 19:43 | Create | Villager (Male) |
| 19:47 | Research | Gold Mining |
| 19:59 | Build | Farm |
| 20:09 | Create | Villager (Male) |
| 20:23 | Build | Town Center |
| 20:29 | Build | Farm |
| 20:35 | Create | Villager (Male) |
| 20:36 | Create | Villager (Male) |
| 20:50 | Research | Bloodlines |
| 20:51 | Research | Bloodlines |
| 21:10 | Create | Spearman |
| 21:10 | Create | Spearman |
| 21:21 | Create | Villager (Male) |
| 21:21 | Create | Villager (Male) |
| 21:40 | Create | Camel Scout |
| 21:53 | Create | Camel Scout |
| 21:59 | Build | Stable |
| 22:27 | Build | Stable |
| 22:36 | Create | Camel Scout |
| 22:54 | Build | Palisade Gate |
| 22:58 | Create | Villager (Male) |
| 22:58 | Create | Villager (Male) |
| 23:00 | Create | Villager (Male) |
| 23:01 | Create | Villager (Male) |
| 23:16 | Build | Farm |
| 23:17 | Build | Farm |
| 23:26 | Create | Villager (Male) |
| 23:26 | Create | Villager (Male) |
| 23:31 | Build | Mining Camp |
| 23:36 | Create | Villager (Male) |
| 24:14 | Create | Villager (Male) |
| 24:15 | Create | Villager (Male) |
| 24:15 | Create | Villager (Male) |
| 24:33 | Build | Farm |
| 24:48 | Build | Farm |
| 24:50 | Create | Villager (Male) |
| 24:52 | Create | Villager (Male) |
| 24:58 | Create | Camel Scout |
| 24:58 | Create | Camel Scout |
| 25:07 | Create | Villager (Male) |
| 25:10 | Build | Farm |
| 25:12 | Create | Villager (Male) |
| 25:22 | Build | Farm |
| 25:32 | Create | Villager (Male) |
| 25:32 | Create | Villager (Male) |
| 25:40 | Create | Villager (Male) |
| 25:44 | Create | Villager (Male) |
| 26:05 | Build | Farm |
| 26:07 | Build | Farm |
| 26:12 | Research | Forging |
| 26:25 | Create | Camel Scout |
| 26:26 | Create | Camel Scout |
| 26:30 | Build | Farm |
| 26:35 | Build | House |
| 26:36 | Build | House |
| 26:38 | Build | House |
| 27:43 | Research | Scale Barding Armor |
| 27:51 | Create | Villager (Male) |
| 27:51 | Create | Villager (Male) |
| 27:52 | Create | Villager (Male) |
| 27:52 | Create | Villager (Male) |
| 27:52 | Create | Villager (Male) |
| 27:53 | Create | Villager (Male) |
| 27:56 | Research | Stone Mining |
| 28:00 | Create | Camel Scout |
| 28:01 | Create | Camel Scout |
| 28:01 | Create | Camel Scout |
| 28:27 | Build | Farm |
| 28:29 | Build | Farm |
| 28:32 | Create | Camel Scout |
| 28:33 | Create | Camel Scout |
| 28:33 | Create | Camel Scout |
| 28:33 | Create | Camel Scout |
| 28:54 | Build | Farm |
| 28:56 | Build | Farm |
| 29:03 | Build | Farm |
| 29:03 | Build | Farm |
| 29:08 | Build | House |
| 29:09 | Build | House |
| 29:10 | Build | House |
| 29:10 | Build | House |
| 29:11 | Build | House |
| 29:12 | Build | House |
| 29:13 | Build | House |
Build order — EXCELSIOR!
First 150 of 348 actions detected
| 0:15 | Build | House |
| 0:16 | Build | House |
| 0:22 | Build | House |
| 0:29 | Create | Villager (Male) |
| 0:30 | Create | Villager (Male) |
| 0:30 | Create | Villager (Male) |
| 0:31 | Create | Villager (Male) |
| 0:31 | Create | Villager (Male) |
| 0:43 | Build | House |
| 0:59 | Build | Mill |
| 2:31 | Create | Villager (Male) |
| 2:32 | Research | Loom |
| 3:04 | Build | House |
| 3:05 | Build | House |
| 3:13 | Create | Villager (Male) |
| 3:59 | Create | Villager (Male) |
| 4:25 | Create | Villager (Male) |
| 4:52 | Create | Villager (Male) |
| 5:26 | Create | Villager (Male) |
| 5:36 | Create | Villager (Male) |
| 5:59 | Build | Lumber Camp |
| 6:12 | Create | Villager (Male) |
| 6:13 | Create | Villager (Male) |
| 6:46 | Create | Villager (Male) |
| 7:16 | Create | Villager (Male) |
| 7:17 | Create | Villager (Male) |
| 7:28 | Build | House |
| 7:42 | Create | Villager (Male) |
| 7:44 | Create | Villager (Male) |
| 8:14 | Create | Villager (Male) |
| 8:20 | Create | Villager (Male) |
| 8:27 | Create | Villager (Male) |
| 8:52 | Create | Villager (Male) |
| 9:03 | Create | Villager (Male) |
| 9:04 | Create | Villager (Male) |
| 9:32 | Create | Villager (Male) |
| 9:36 | Create | Villager (Male) |
| 9:51 | Create | Villager (Male) |
| 10:20 | Build | Lumber Camp |
| 10:30 | Create | Villager (Male) |
| 10:44 | Build | Lumber Camp |
| 10:52 | Create | Villager (Male) |
| 11:13 | Build | House |
| 11:16 | Build | House |
| 12:53 | Build | Mill |
| 13:18 | Research | Feudal Age |
| 13:21 | Create | Villager (Male) |
| 14:22 | Build | Farm |
| 14:24 | Build | Farm |
| 14:25 | Build | Farm |
| 14:27 | Build | Farm |
| 14:29 | Build | Farm |
| 14:30 | Build | Farm |
| 14:31 | Build | Farm |
| 14:33 | Build | Farm |
| 14:37 | Create | Villager (Male) |
| 14:37 | Create | Villager (Male) |
| 14:37 | Create | Villager (Male) |
| 14:38 | Create | Villager (Male) |
| 14:39 | Create | Villager (Male) |
| 14:40 | Create | Villager (Male) |
| 14:40 | Create | Villager (Male) |
| 14:40 | Create | Villager (Male) |
| 14:41 | Create | Villager (Male) |
| 14:41 | Create | Villager (Male) |
| 15:37 | Build | House |
| 15:38 | Build | House |
| 15:41 | Build | House |
| 15:43 | Build | House |
| 15:44 | Build | House |
| 15:45 | Build | House |
| 15:48 | Build | House |
| 15:49 | Build | House |
| 15:50 | Build | House |
| 15:54 | Create | Villager (Male) |
| 15:54 | Create | Villager (Male) |
| 15:55 | Create | Villager (Male) |
| 15:55 | Create | Villager (Male) |
| 15:57 | Age | Feudal Age |
| 15:58 | Create | Villager (Male) |
| 16:37 | Build | Farm |
| 16:39 | Build | Farm |
| 16:41 | Build | Farm |
| 16:42 | Build | Farm |
| 16:43 | Build | Farm |
| 16:44 | Build | Farm |
| 16:46 | Build | Farm |
| 16:47 | Build | Farm |
| 16:51 | Create | Villager (Male) |
| 17:03 | Build | House |
| 17:04 | Build | House |
| 17:05 | Build | House |
| 17:07 | Build | House |
| 17:08 | Build | House |
| 17:09 | Build | House |
| 17:10 | Build | House |
| 17:11 | Build | House |
| 17:42 | Build | Blacksmith |
| 17:46 | Research | Double-Bit Axe |
| 17:52 | Create | Villager (Male) |
| 17:53 | Create | Villager (Male) |
| 18:41 | Build | Mining Camp |
| 19:01 | Build | Mining Camp |
| 19:14 | Build | Market |
| 19:21 | Research | Gold Mining |
| 19:52 | Build | House |
| 20:42 | Build | House |
| 20:43 | Build | House |
| 20:43 | Build | House |
| 21:04 | Research | Castle Age |
| 22:43 | Create | Villager (Male) |
| 22:43 | Create | Villager (Male) |
| 22:43 | Create | Villager (Male) |
| 22:44 | Create | Villager (Male) |
| 22:44 | Create | Villager (Male) |
| 22:44 | Create | Villager (Male) |
| 22:45 | Create | Villager (Male) |
| 22:46 | Create | Villager (Male) |
| 22:50 | Research | Stone Mining |
| 23:12 | Build | Lumber Camp |
| 23:22 | Build | Lumber Camp |
| 23:39 | Build | House |
| 23:40 | Build | House |
| 23:41 | Build | House |
| 23:43 | Build | House |
| 23:45 | Build | House |
| 23:46 | Build | House |
| 23:55 | Research | Horse Collar |
| 25:42 | Age | Castle Age |
| 25:49 | Build | Town Center |
| 26:02 | Build | University |
| 26:17 | Build | Town Center |
| 26:35 | Build | House |
| 26:37 | Build | House |
| 26:38 | Build | House |
| 26:39 | Build | House |
| 26:40 | Build | House |
| 26:41 | Build | House |
| 26:43 | Build | House |
| 26:43 | Build | House |
| 26:47 | Build | Monastery |
| 26:57 | Create | Villager (Male) |
| 26:58 | Create | Villager (Male) |
| 26:58 | Create | Villager (Male) |
| 26:58 | Create | Villager (Male) |
| 26:59 | Create | Villager (Male) |
| 26:59 | Create | Villager (Male) |
| 26:59 | Create | Villager (Male) |
| 27:00 | Create | Villager (Male) |
| 27:00 | Create | Villager (Male) |
Match timeline
| 11:12 | jul1o28 · age_up feudal |
| 11:28 | juan991.fz · age_up feudal |
| 11:42 | avilareall · age_up feudal |
| 13:41 | Handrex · age_up feudal |
| 13:52 | camilo06d · age_up feudal |
| 14:02 | jul1o28 · first_building Barracks |
| 14:17 | camilo06d · first_building Barracks |
| 14:32 | juan991.fz · first_building Barracks |
| 15:37 | avilareall · age_up castle |
| 15:41 | avilareall · first_building Castle |
| 15:56 | camilo06d · first_building Archery Range |
| 15:57 | EXCELSIOR! · age_up feudal |
| 15:59 | Handrex · first_building Barracks |
| 16:08 | jul1o28 · age_up castle |
| 16:27 | jul1o28 · first_building Stable |
| 16:48 | juan991.fz · first_building Archery Range |
| 17:52 | camilo06d · first_market_buy 100 food |
| 18:24 | avilareall · first_market_sell 100 wood |
| 18:26 | Handrex · age_up castle |
| 18:28 | avilareall · first_market_buy 100 food |
| 19:06 | Handrex · first_building Siege Workshop |
| 21:00 | EXCELSIOR! · first_market_sell 100 food |
| 21:13 | camilo06d · age_up castle |
| 21:57 | camilo06d · first_building Castle |
| 22:39 | juan991.fz · age_up castle |
| 22:51 | camilo06d · first_building Monastery |
| 23:58 | avilareall · first_building Barracks |
| 25:21 | avilareall · first_building Stable |
| 25:42 | EXCELSIOR! · age_up castle |
| 26:47 | EXCELSIOR! · first_building Monastery |
| 27:02 | avilareall · first_building Archery Range |
| 28:03 | camilo06d · first_market_sell 100 wood |
| 28:38 | EXCELSIOR! · first_building Barracks |
| 29:20 | jul1o28 · first_building Monastery |
| 29:48 | juan991.fz · first_building Siege Workshop |
| 29:58 | juan991.fz · first_building Stable |
| 31:28 | juan991.fz · first_building Castle |
| 31:44 | EXCELSIOR! · first_market_buy 100 food |
| 32:31 | jul1o28 · first_building Castle |
| 33:27 | juan991.fz · first_building Monastery |
| 34:27 | camilo06d · wall_segment Stone Wall x4 |
| 34:30 | jul1o28 · first_building Archery Range |
| 34:34 | jul1o28 · first_building Siege Workshop |
| 34:54 | EXCELSIOR! · first_building Castle |
| 35:23 | Handrex · age_up imperial |
| 36:18 | EXCELSIOR! · first_building Siege Workshop |
| 36:22 | jul1o28 · age_up imperial |
| 37:00 | EXCELSIOR! · age_up imperial |
| 37:29 | Handrex · first_building Castle |
| 38:08 | EXCELSIOR! · first_building Archery Range |
| 39:33 | avilareall · first_building Siege Workshop |
| 42:21 | juan991.fz · age_up imperial |
| 44:09 | EXCELSIOR! · resign |
[ AI ANALYSIS · 1 CREDIT ]
What really happened in this match?
Wolo.gg analyzes every decision: build order, eco, micro, common mistakes by bracket. Personalized analysis on WhatsApp or Discord in 30 seconds.
Civ guide
Burmese
Map guide
Arena
Perfil
Handrex